 Dungeon Crawl Stone Soup version 0.16.0-12-g7215832 (webtiles) character file.

95 Woebin the Ducker (level 4, -11/33 HPs)
             Began as a Demonspawn Gladiator on Mar 18, 2015.
             Mangled by Prince Ribbit (15 damage)
             ... on level 4 of the Dungeon.
             The game lasted 00:12:45 (1992 turns).

Woebin the Ducker (Demonspawn Gladiator)            Turns: 1992, Time: 00:12:46

Health: -11/33     AC:  8    Str: 16    XL:     4   Next: 40%
Magic:  3/4        EV: 12    Int: 10    God:
Gold:   145        SH:  0    Dex: 13    Spells: 1 memorised, 3 levels left

rFire  . . .     SeeInvis .     a - +1 long sword
rCold  + . .     Clarity  .     v - +0 ring mail
rNeg   . . .     SustAb   .     (no shield)
rPois  .         Gourm    .     c - +1 helmet
rElec  .         Spirit   .     j - +0 cloak
rCorr  .         Warding  .     (no gloves)
rMut   .         Stasis   .     (no boots)
MR     +....                    (no amulet)
Stlth  +.........               C - ring of protection from cold
                                x - ring of protection from magic

@: somewhat resistant to hostile enchantments, very unstealthy
A: claws 2, spiny 1
a: no special abilities


You were on level 4 of the Dungeon.
You were not hungry.

You visited 1 branch of the dungeon, and saw 4 of its levels.

You collected 145 gold pieces.

Inventory:

Hand weapons
 a - a +1 long sword (weapon)
 b - a +0 hunting sling
Missiles
 l - 43 sling bullets
 E - 4 tomahawks (quivered)
Armour
 c - a +1 helmet (worn)
 e - a +0 leather armour
 j - a +0 cloak (worn)
 v - a +0 ring mail (worn)
Jewellery
 x - a ring of protection from magic (left claw)
 C - a ring of protection from cold (right claw)
Scrolls
 g - a scroll of enchant armour
 i - a scroll of enchant weapon
 q - a scroll of remove curse
 r - 2 scrolls of identify
 t - a scroll of recharging {unknown}
 y - a scroll of teleportation {unknown}
 z - a scroll of immolation {unknown}
 B - a scroll of random uselessness {unknown}
 D - a scroll of fog {unknown}
Potions
 k - a potion of brilliance
 n - a potion of curing
 o - a potion of resistance
 p - a potion of flight {unknown}
 s - a potion of haste {unknown}
Books
 u - a Young Poisoner's Handbook

   Spells                             Type                      Level
   a - Sting                          Conjuration/Poison           1
   b - Cure Poison                    Poison                       2
   c - Mephitic Cloud                 Conjuration/Poison/Air       3
   d - Olgreb's Toxic Radiance        Poison                       4
   e - Venom Bolt                     Conjuration/Poison           5
Comestibles
 f - 4 bread rations
 h - a meat ration
 w - a slice of pizza
 A - a chunk of flesh


   Skills:
 + Level 2.2 Fighting
 + Level 3.1 Long Blades
 + Level 1.0(1.6) Slings
 + Level 1.9(2.1) Throwing
 + Level 1.0 Armour
 + Level 3.4 Dodging
 * Level 0.6 Spellcasting
 * Level 0.4 Conjurations
 * Level 0.6 Poison Magic


You had 3 spell levels left.
You knew the following spells:

 Your Spells              Type           Power        Failure   Level  Hunger
a - Sting                 Conj/Pois      #...         63%         1    ##.....


Dungeon Overview and Level Annotations

Branches:
Dungeon (4/15)
 Temple: D:4-7

Altars:

Annotations:
D:2 1 exclusion
D:4 Prince Ribbit


Innate Abilities, Weirdness & Mutations

You have very sharp fingernails.
You are partially covered in sharp spines.


Message History

Throwing (i - inventory. (,) - cycle):
d - 2 throwing nets (quivered)
Press: ? - help, Shift-Dir - straight line, f/p - Prince Ribbit
Aim: Prince Ribbit You throw a throwing net.
The throwing net misses Prince Ribbit.
Prince Ribbit hits you.
Prince Ribbit blinks!
Throwing (i - inventory. (,) - cycle):
d - a throwing net (quivered)
Press: ? - help, Shift-Dir - straight line, f/p - Prince Ribbit
Aim: Prince Ribbit You throw a throwing net.
The throwing net misses Prince Ribbit.
The rat misses you.
You hit the rat!
You kill the rat!
You miss Prince Ribbit. Prince Ribbit closely misses you.
You miss Prince Ribbit. Prince Ribbit barely misses you.
Prince Ribbit hits you!
* * * LOW HITPOINT WARNING * * *
Drink which item? (? for menu, Esc to quit)
It was a potion of restore abilities.
You feel refreshed. Prince Ribbit misses you. Prince Ribbit hits you!
You die...

#.......'.........+
####>...####.........#
#........# ##....<..##
#..#.##..# ##.....##
#..#.##..# ##...##
#..#..#..# ##+##
#..##.#..# #..##F#..#
#>...@...# ##.......#
#........# #.##.###.#
#. #.# .# # #(. . ###


You could see Prince Ribbit.

Vanquished Creatures
  2 adders
  A worm (D:2)
  2 giant mites
  2 giant geckos
  An orc (D:3)
  2 ball pythons
  2 giant cockroaches (D:2)
  8 hobgoblins
  3 jackals (D:3)
  9 kobolds
  5 bats
  10 goblins
  A quokka (D:3)
  10 rats
58 creatures vanquished.

Vanquished Creatures (others)
  A rat (D:1)
1 creature vanquished.

Grand Total: 59 creatures vanquished

Notes
Turn   | Place    | Note
--------------------------------------------------------------
     0 | D:1      | Woebin, the Demonspawn Gladiator, began the quest for the Orb.
     0 | D:1      | Reached XP level 1. HP: 16/16 MP: 1/1
   374 | D:1      | Gained mutation: You are partially covered in sharp spines. [demonic ancestry]
   374 | D:1      | Reached XP level 2. HP: 22/22 MP: 2/2
   460 | D:1      | Reached skill level 3 in Long Blades
   876 | D:2      | Gained mutation: You have sharp fingernails. [demonic ancestry]
   876 | D:2      | Reached XP level 3. HP: 27/27 MP: 3/3
   911 | D:2      | Learned a level 1 spell: Sting
  1412 | D:3      | Reached skill level 1 in Slings
  1412 | D:3      | Gained mutation: You have very sharp fingernails. [demonic ancestry]
  1412 | D:3      | Reached XP level 4. HP: 29/33 MP: 2/4
  1874 | D:3      | Reached skill level 1 in Armour
  1979 | D:4      | Noticed Prince Ribbit
  1992 | D:4      | Mangled by Prince Ribbit

Action                   |  1- 3 |  4- 6 || total
-------------------------+-------+-------++-------
Melee: Long sword        |    73 |    29 ||   102
 Fire: Hunting sling     |    37 |     4 ||    41
Throw: Throwing net      |     2 |     3 ||     5
 Cast: Sting             |     3 |     4 ||     7
  Use: Scroll            |       |     6 ||     6
       Potion            |       |     4 ||     4
  Eat: Chunk             |     2 |     2 ||     4
